 Dungeon Crawl Stone Soup version 0.22-a0-455-ga0624bf (webtiles) character file.

98630 galech the Warrior (level 16, -2/182 (184) HPs)
             Began as an Ogre Berserker on June 5, 2018.
             Was a High Priest of Trog.
             Slain by a deep troll earth mage (13 damage)
             ... on level 1 of the Depths.
             The game lasted 01:05:35 (28335 turns).

galech the Warrior (Ogre Berserker)                Turns: 28335, Time: 01:05:36

HP:   -2/182 (184)  AC: 15    Str: 30    XL:     16   Next: 22%
MP:   26/26         EV: 12    Int: 16    God:    Trog [*****.]
Gold: 735           SH:  0    Dex:  5    Spells: 15/15 levels left

rFire    + . .     SeeInvis .   u - +9 flail (crush)
rCold    . . .     Gourm    .   (no shield)
rNeg     . . .     Faith    .   A - +2 robe {rF+}
rPois    +         Spirit   .   R - +3 hat of Pondering {ponderous, MR+ MP+10 Int+5}
rElec    +         Reflect  .   k - +2 cloak {rPois}
rCorr    .         Harm     .   (gloves unavailable)
MR       ++...                  (boots unavailable)
Stlth    +++.......             Z - amulet "Onuoll" {rElec rPois Regen+ Int+3 Dex-3}
HPRegen  0.80/turn              C - +4 ring of protection
MPRegen  0.20/turn              W - +4 ring of slaying

@: berserk cooldown, slowed, very slow
A: large, unfitting armour, tough skin 1
a: Berserk, Trog's Hand, Brothers in Arms, Renounce Religion


You were on level 1 of the Depths.
You worshipped Trog.
Trog was extremely pleased with you.
You were very hungry.

You visited 4 branches of the dungeon, and saw 25 of its levels.
You visited the Abyss 1 time.
You also visited: Labyrinth and Bailey.

You collected 2648 gold pieces.
You spent 1913 gold pieces at shops.

Inventory:

Hand Weapons
 a - the +8 bardiche "Uxtus" {chop, rElec rF+ rC+ Dex+6}
   (You found it in a labyrinth)

   It inflicts extra damage upon your enemies.
   It affects your dexterity (+6).
   It protects you from fire.
   It protects you from cold.
   It insulates you from electricity.
 s - a +4 antimagic morningstar
 u - a +9 flail of crushing (weapon)
 I - a +1 antimagic morningstar
Armour
 b - the +4 shield "Ohu Igg" {Slay+6}
   (You found it in a bailey)

   It affects your accuracy and damage with ranged weapons and melee attacks
   (+6).
 f - a +2 large shield of protection
 k - a +2 cloak of poison resistance (worn)
 A - a +2 robe of fire resistance (worn)
 D - a +2 robe of magic resistance
 K - +0 acid dragon scales
 N - +0 steam dragon scales
 R - the +3 hat of Pondering (worn) {ponderous, MR+ MP+10 Int+5}
   (You took it off Gastronok on level 3 of the Lair of Beasts)

   It affects your intelligence (+5).
   It affects your resistance to hostile enchantments.
   It affects your magic capacity (+10).
Jewellery
 j - an uncursed ring of protection from magic
 v - an uncursed ring of ice
 C - a +4 ring of protection (left hand)
 G - an uncursed ring of protection from magic
 L - an uncursed amulet of guardian spirit {unknown}
 M - an uncursed amulet of magic regeneration {unknown}
 Q - a +2 amulet of reflection
 U - a +4 ring of dexterity
 W - a +4 ring of slaying (right hand)
 X - a cursed ring of teleportation {unknown}
 Y - an uncursed amulet of regeneration {unknown}
 Z - the amulet "Onuoll" (around neck) {rElec rPois Regen+ Int+3 Dex-3}
   (You found it in a labyrinth)

   [amulet of regeneration]

   It affects your intelligence (+3).
   It affects your dexterity (-3).
   It insulates you from electricity.
   It protects you from poison.
   It increases your rate of regeneration.
Wands
 y - a wand of digging (15)
 E - a wand of scattershot (7)
 P - a wand of iceblast (9)
Scrolls
 g - 5 scrolls of remove curse
 i - 13 scrolls of teleportation
 r - 6 scrolls of fear
 w - a scroll of acquirement
 x - 2 scrolls of blinking
 F - 2 scrolls of fog
 S - 3 scrolls of enchant weapon
 V - 3 scrolls of enchant armour
Potions
 d - 6 potions of lignification
 e - 2 potions of magic {unknown}
 h - 5 potions of might {unknown}
 l - 8 potions of curing {unknown}
 m - 4 potions of brilliance {unknown}
 n - 2 potions of degeneration {unknown}
 o - 3 potions of agility {unknown}
 p - 2 potions of mutation {unknown}
 q - 5 potions of heal wounds {unknown}
 t - 3 potions of cancellation
 z - 2 potions of invisibility
 H - 2 potions of haste {unknown}
 J - 4 potions of flight
 O - a potion of ambrosia
 T - a potion of resistance
Comestibles
 c - 24 rations


   Skills:
 + Level 17.6 Fighting
 + Level 15.6 Maces & Flails
 + Level 11.6 Dodging
 + Level 6.3 Stealth
 + Level 10.1 Shields


You had 15 spell levels left.
You didn't know any spells.
Your spell library was empty.

Dungeon Overview and Level Annotations

Branches:
Dungeon (15/15)            Temple (0/1) D:4            Lair (6/6) D:11
  Swamp (0/4) Lair:4        Snake (0/4) Lair:2        Slime (0/5) Lair:6
    Orc (2/2) D:11            Elf (0/3) Orc:2        Vaults (0/5) D:14
 Depths (2/5) D:15

Altars:
Gozag
Hepliaklqana
Qazlal
Trog
Uskayaw
Xom
Zin
Jiyva

Shops:
D:4 *   D:5 [   Orc:2 }[:?[

Portals:
Trove: D:15 (give 2 scrolls of acquirement)


Innate Abilities, Weirdness & Mutations

You are too large for most types of armour.
You have tough skin. (AC +1)


Message History

The deep troll earth mage claws you.
The deep troll earth mage claws you but does no damage.
There is an open door, spattered with blood here.
The deep troll earth mage bites you.
The deep troll earth mage barely misses you.
The deep troll earth mage closely misses you.
The deep troll earth mage bites you but does no damage.
The deep troll earth mage claws you!
* * * LOW HITPOINT WARNING * * *
The deep troll earth mage claws you.
* * * LOW HITPOINT WARNING * * *
The deep troll earth mage bites you!!
* * * LOW HITPOINT WARNING * * *
The deep troll earth mage barely misses you.
The deep troll earth mage claws you!
* * * LOW HITPOINT WARNING * * *
The deep troll earth mage misses you. The deep troll earth mage claws you!
* * * LOW HITPOINT WARNING * * *
The deep troll earth mage claws you!
You die...

..............[..................
.................................
...!...............(..........)..
##.####.##)..###...########.####.
##.####(####..########...##.####.
.........(..(.T.....+.....#...#..
..........(.(.#.T...#.....#...#..
..............#.T>..#.....#...#..
##...##....[.##.@...#.....#...##.
#######......##.....#.....#...###
#......).#.....#.....#......
#.......##...###....##...##.
#.......########....##...##.
#.......')).................
#....[..####''####.>........
.....#...##≈≈≈..≈≈≈##......##.
##########≈≈......≈≈####...##.


You could see a deep troll, a deep troll earth mage and a deep troll shaman.

Vanquished Creatures
  Gastronok (Lair:3)
  A sphinx (Depths:1)
  2 stone giants (Depths:1)
  A minotaur (Lab)
  An ettin (Depths:1)
  2 rakshasas
  Harold (Lair:2)
  6 hydras
  An ice dragon (Depths:1)
  A death knight (Abyss:2)
  A catoblepas (Lair:5)
  Erica (D:10)
  3 two-headed ogres
  4 death yaks (Lair:6)
  3 orc high priests (Orc:2)
  A thrashing horror (Abyss:2)
  Urug (Lair:3)
  Sonja (D:10)
  Nergalle (Lair:2)
  2 wretched stars (Abyss:2)
  A shadow wraith (D:14)
  2 deep trolls
  An unseen horror (D:13)
  A death drake (shapeshifter) (Depths:1)
  An unseen horror (shapeshifter) (D:14)
  A glowing orange brain (Abyss:2)
  A wizard (Depths:1)
  5 orc knights
  5 orc sorcerers (Orc:2)
  18 ugly things
  A wolf spider zombie (D:14)
  2 manticores
  4 cyclopes
  20 elephants
  Psyche (D:8)
  2 black mambas
  4 gargoyles (Lab)
  3 kobold demonologists
  8 spiny frogs
  An efreet (D:14)
  2 yaktaurs
  2 rime drakes (Lair:6)
  7 komodo dragons
  4 tengu conjurers
  3 polar bears (Lair:6)
  A freezing wraith (D:14)
  An ancient zyme (Abyss:2)
  A queen bee (shapeshifter) (D:15)
  3 meliai (D:13)
  A hornet (shapeshifter) (D:15)
  2 trolls
  12 blink frogs
  2 hornets (Lair:6)
  2 raiju
  7 slime creatures
  11 hippogriffs
  9 dream sheep (Lair:6)
  A shadow (D:11)
  2 redbacks (Lab)
  13 spriggans (Lair:6)
  A ynoxinul (Abyss:2)
  3 flying skulls (Abyss:2)
  37 yaks
  A water elemental (Depths:1)
  3 wyverns
  Eustachio (D:5)
  6 wraiths
  A basilisk (shapeshifter) (D:13)
  A golden eye (shapeshifter) (D:14)
  3 basilisks
  A steam dragon (D:11)
  6 hungry ghosts
  3 chaos spawn (Abyss:2)
  The ghost of pyroka the Insei, an amateur MfTm (D:3)
  2 wargs (D:11)
  Menkaure (D:6)
  Edmund (D:5)
  An acid dragon (D:14)
  2 soldier ants
  14 water moccasins
  2 hell hounds (D:11)
  8 porcupines
  3 sky beasts
  An eye of draining (D:12)
  21 orc warriors
  3 ice beasts
  6 black bears
  A phantom (D:7)
  3 centaurs
  10 boggarts
  8 ogres
  22 wolves
  10 crocodiles
  5 big kobolds
  12 bullfrogs
  A wyvern zombie (D:8)
  2 earth elementals (Lab)
  A small abomination (Abyss:2)
  5 scorpions
  8 killer bees (D:9)
  8 wights (D:12)
  3 troll skeletons (Lab)
  A spriggan skeleton (Lab)
  5 howler monkeys
  2 electric eels
  7 crimson imps
  4 bullfrog zombies
  2 quasits
  3 centaur zombies
  A gnoll shaman (D:5)
  A hound (shapeshifter) (Depths:1)
  3 jellies
  8 orc priests
  3 bullfrog skeletons (D:13)
  6 centaur skeletons
  7 hounds
  Jessica (D:2)
  4 iguanas
  10 worker ants
  Terence (D:2)
  25 orc wizards
  A hound zombie (D:10)
  A hound skeleton (D:5)
  2 worker ant zombies
  A gnoll (D:1)
  12 adders
  3 shadow imps
  A worker ant simulacrum (D:9)
  An adder zombie (D:7)
  5 worms
  3 dart slugs
  5 leopard geckos
  53 orcs
  8 giant cockroaches
  8 goblins
  10 hobgoblins
  7 jackals
  6 quokkas
  5 ball pythons
  3 bats
  3 frilled lizards
  A jackal zombie (D:9)
  12 kobolds
  A quokka skeleton (D:4)
  6 rats
  2 plants
689 creatures vanquished.

Vanquished Creatures (others)
  A bullfrog (Lair:5)
  21 fungi
  12 plants
34 creatures vanquished.

Grand Total: 723 creatures vanquished

Notes
Turn   | Place    | Note
-------+----------+-------------------------------------------
     0 | D:1      | galech the Ogre Berserker began the quest for the Orb.
     0 | D:1      | Reached XP level 1. HP: 24/24 MP: 1/1
   248 | D:1      | Reached XP level 2. HP: 32/32 MP: 2/2
   748 | D:1      | Reached XP level 3. HP: 38/40 MP: 3/3
  1019 | D:2      | Reached ** piety under Trog
  1153 | D:2      | Noticed Terence
  1165 | D:2      | Killed Terence
  1165 | D:2      | Reached XP level 4. HP: 49/49 MP: 4/4
  1209 | D:2      | Reached skill level 5 in Fighting
  1336 | D:2      | Noticed Jessica
  1350 | D:2      | Killed Jessica
  1350 | D:2      | Reached XP level 5. HP: 57/57 MP: 5/5
  1918 | D:3      | Found an opulent altar of Gozag.
  2193 | D:3      | Noticed pyroka's ghost (amateur MfTm)
  2208 | D:3      | Killed pyroka's ghost
  2208 | D:3      | Reached XP level 6. HP: 66/66 MP: 6/6
  2690 | D:4      | Reached skill level 5 in Maces & Flails
  2810 | D:4      | Found Sesmap's Serpentskin Sales.
  2810 | D:4      | Noticed a water moccasin
  2819 | D:4      | Killed a water moccasin
  2819 | D:4      | Reached XP level 7. HP: 74/74 MP: 7/7
  2898 | D:4      | Reached skill level 6 in Fighting
  2898 | D:4      | Reached skill level 1 in Stealth
  2900 | D:4      | Reached *** piety under Trog
  3911 | D:4      | Found a staircase to the Ecumenical Temple.
  3972 | D:5      | Entered Level 5 of the Dungeon
  3972 | D:5      | Found a glowing silver altar of Zin.
  3989 | D:5      | Reached XP level 8. HP: 54/84 MP: 8/8
  4060 | D:5      | Found Inkevot's Armour Boutique.
  4068 | D:5      | Noticed Edmund
  4090 | D:5      | Killed Edmund
  4273 | D:5      | Bought a +2 hat for 208 gold pieces
  4378 | D:5      | Found a stormy altar of Qazlal.
  4413 | D:5      | Found a shimmering altar of Xom.
  4414 | D:5      | Found a hazy altar of Hepliaklqana.
  4415 | D:5      | Noticed a spectral ugly thing
  4454 | D:5      | Found a shimmering altar of Xom.
  4460 | D:5      | Noticed Eustachio
  4474 | D:5      | Killed Eustachio
  4474 | D:5      | Reached skill level 7 in Fighting
  4961 | D:6      | Reached skill level 5 in Dodging
  5233 | D:6      | Noticed Menkaure
  5241 | D:6      | Killed Menkaure
  5375 | D:6      | Reached **** piety under Trog
  5461 | D:6      | Reached XP level 9. HP: 96/96 MP: 9/9
  5525 | D:6      | Reached skill level 8 in Fighting
  5738 | D:5      | Bought a +2 robe of fire resistance for 230 gold pieces
  5951 | D:7      | Received a gift from Trog
  6520 | D:8      | Found a hide-covered altar of Uskayaw.
  6618 | D:8      | Noticed Psyche
  6626 | D:8      | Killed Psyche
  6658 | D:8      | Reached skill level 9 in Fighting
  6775 | D:8      | Found a flagged portal.
  6784 | Bailey   | Entered a bailey
  7193 | Bailey   | HP: 1/147 [orc warrior/glaive (15)]
  8018 | Bailey   | Reached XP level 10. HP: 107/107 MP: 10/10
  8214 | Bailey   | Got a warped shield
  8224 | Bailey   | Identified the +4 shield "Ohu Igg" {Slay+6} (You found it in a bailey)
  9099 | D:9      | Reached skill level 1 in Shields
  9255 | D:9      | Reached skill level 10 in Fighting
  9376 | D:9      | Reached skill level 10 in Maces & Flails
  9566 | D:9      | Reached ***** piety under Trog
  9782 | D:10     | Entered Level 10 of the Dungeon
 10070 | D:10     | Reached XP level 11. HP: 110/119 MP: 11/11
 10124 | D:10     | Noticed a two-headed ogre
 10133 | D:10     | Killed a two-headed ogre
 10222 | D:10     | Noticed Erica
 10244 | D:10     | Killed Erica
 10345 | D:10     | Noticed Sonja
 10382 | D:10     | Killed Sonja
 10382 | D:10     | Reached skill level 11 in Fighting
 10860 | D:11     | Noticed a two-headed ogre
 10861 | D:11     | Found a staircase to the Orcish Mines.
 10926 | D:11     | Killed a two-headed ogre
 10929 | D:11     | Received a gift from Trog
 11361 | D:11     | Noticed a purple ugly thing
 11371 | D:11     | Killed a purple ugly thing
 11388 | D:11     | Found a staircase to the Lair.
 11627 | D:11     | Noticed a cyclops
 11640 | D:11     | Killed a cyclops
 11640 | D:11     | Reached skill level 5 in Shields
 12087 | Orc:1    | Entered Level 1 of the Orcish Mines
 12192 | Orc:1    | Noticed an orc knight
 12205 | Orc:1    | Killed an orc knight
 12205 | Orc:1    | Reached XP level 12. HP: 132/132 MP: 12/12
 12823 | Orc:2    | Entered Level 2 of the Orcish Mines
 12842 | Orc:2    | Reached skill level 12 in Fighting
 13128 | Orc:2    | Found Gaul's Magic Scroll Shoppe.
 13139 | Orc:2    | Bought a scroll of teleportation for 45 gold pieces
 13139 | Orc:2    | Bought a scroll of enchant weapon for 112 gold pieces
 13139 | Orc:2    | Bought a scroll of teleportation for 45 gold pieces
 13139 | Orc:2    | Bought a scroll of enchant weapon for 112 gold pieces
 13139 | Orc:2    | Bought a scroll of blinking for 112 gold pieces
 13139 | Orc:2    | Bought a scroll of enchant weapon for 112 gold pieces
 13139 | Orc:2    | Bought a scroll of enchant weapon for 112 gold pieces
 13139 | Orc:2    | Bought a scroll of teleportation for 45 gold pieces
 13350 | Orc:2    | Found a staircase to the Elven Halls.
 13508 | Orc:2    | Paralysed by an orc sorcerer for 4 turns
 13521 | Orc:2    | Noticed an orc high priest
 13545 | Orc:2    | Received a gift from Trog
 13549 | Orc:2    | Killed an orc high priest
 13568 | Orc:2    | Noticed an orc high priest
 13614 | Orc:2    | Noticed an orc high priest
 13621 | Orc:2    | Noticed a sun demon
 13623 | Orc:2    | Killed an orc high priest
 13701 | Orc:2    | Killed an orc high priest
 14188 | Orc:2    | Found Ovvy's Gadget Emporium.
 14192 | Orc:2    | Found Wagomi's Antique Armour Shop.
 14198 | Orc:2    | Found Omaoxus's Book Shop.
 14200 | Orc:2    | Found Wiuphacvig's Armour Emporium.
 14383 | Lair:1   | Entered Level 1 of the Lair of Beasts
 15099 | Lair:2   | Reached skill level 13 in Fighting
 15378 | Lair:2   | Noticed Nergalle
 15384 | Lair:2   | Reached XP level 13. HP: 144/144 MP: 13/13
 15392 | Lair:2   | Killed Nergalle
 15519 | Lair:2   | Found a staircase to the Snake Pit.
 15528 | Lair:2   | Noticed Harold
 15548 | Lair:2   | Killed Harold
 15992 | Lair:3   | Noticed Urug
 16003 | Lair:3   | Killed Urug
 16111 | Lair:3   | Noticed Gastronok
 16128 | Lair:3   | Killed Gastronok
 17252 | Lair:4   | Found a staircase to the Swamp.
 17852 | Lair:5   | Received a gift from Trog
 18040 | Lair:5   | Reached skill level 5 in Stealth
 18132 | Lair:5   | Found a labyrinth entrance.
 18141 | Lab      | Entered a labyrinth
 19234 | Lab      | Reached skill level 14 in Fighting
 19789 | Lab      | Noticed a minotaur
 19797 | Lab      | Killed a minotaur
 19797 | Lab      | Received a gift from Trog
 19799 | Lab      | Got a pitted steel amulet
 19811 | Lab      | Got a dazzling bardiche
 19838 | Lab      | Identified the amulet "Onuoll" {rElec rPois Regen+ Int+3 Dex-3} (You found it in a labyrinth)
 19976 | Lair:5   | Reached XP level 14. HP: 117/156 MP: 14/14
 20538 | Lair:6   | Entered Level 6 of the Lair of Beasts
 20928 | Lair:6   | Reached ****** piety under Trog
 21186 | Lair:6   | Received a gift from Trog
 21363 | Lair:6   | Reached skill level 15 in Fighting
 21483 | Lair:6   | Found a staircase to the Slime Pits.
 21484 | Lair:6   | Found a viscous altar of Jiyva.
 21617 | Lair:6   | Reached skill level 10 in Dodging
 21708 | Lair:6   | Received a gift from Trog
 22242 | Lair:6   | Identified the +8 bardiche "Uxtus" {chop, rElec rF+ rC+ Dex+6} (You found it in a labyrinth)
 22486 | Orc:2    | Bought a scroll of acquirement for 780 gold pieces
 22566 | D:12     | Reached XP level 15. HP: 149/167 MP: 15/15
 22782 | D:12     | Reached skill level 10 in Shields
 23946 | D:13     | Found a bloodstained altar of Trog.
 24213 | D:13     | Reached skill level 16 in Fighting
 24823 | D:14     | Reached skill level 15 in Maces & Flails
 24825 | D:14     | Received a gift from Trog
 25200 | D:14     | Found a gate to the Vaults.
 25631 | D:15     | Entered Level 15 of the Dungeon
 26029 | D:15     | Found a portal to a secret trove of treasure.
 26082 | D:15     | Received a gift from Trog
 26122 | D:15     | HP: 8/171 [white ugly thing (illusionary) (24)]
 26774 | D:15     | Cast into level 2 of the Abyss (a distortion unwield)
 26782 | Abyss:2  | Found a corrupted altar of Lugonu.
 26959 | Abyss:2  | Found a shimmering altar of Xom.
 26959 | Abyss:2  | Found a shimmering altar of Xom.
 26959 | Abyss:2  | Found a shimmering altar of Xom.
 26959 | Abyss:2  | Found a shimmering altar of Xom.
 26959 | Abyss:2  | Found a shimmering altar of Xom.
 26959 | Abyss:2  | Found a shimmering altar of Xom.
 26959 | Abyss:2  | Found a corrupted altar of Lugonu.
 26959 | Abyss:2  | Found a shimmering altar of Xom.
 26959 | Abyss:2  | Found a shimmering altar of Xom.
 26959 | Abyss:2  | Found a shimmering altar of Xom.
 26959 | Abyss:2  | Found a shimmering altar of Xom.
 26959 | Abyss:2  | Found a shimmering altar of Xom.
 26960 | Abyss:2  | Found a shimmering altar of Xom.
 26960 | Abyss:2  | Found a shimmering altar of Xom.
 26992 | Abyss:2  | Found a shimmering altar of Xom.
 26992 | Abyss:2  | Found a shimmering altar of Xom.
 26992 | Abyss:2  | Found a shimmering altar of Xom.
 26993 | Abyss:2  | Found a shimmering altar of Xom.
 26993 | Abyss:2  | Found a shimmering altar of Xom.
 26993 | Abyss:2  | Found a shimmering altar of Xom.
 26993 | Abyss:2  | Found a shimmering altar of Xom.
 27055 | Abyss:2  | Reached skill level 17 in Fighting
 27253 | D:15     | Escaped the Abyss
 27311 | D:15     | Noticed an azure jelly
 27311 | D:15     | a catoblepas changed into an azure jelly
 27613 | D:15     | Found a staircase to the Depths.
 27627 | Depths:1 | Entered Level 1 of the Depths
 27637 | Depths:1 | Reached XP level 16. HP: 183/183 MP: 16/16
 28317 | Depths:1 | Noticed a sphinx
 28323 | Depths:1 | Killed a sphinx
 28335 | Depths:1 | Slain by a deep troll earth mage

Vault maps used:
D:1:      minmay_arrival_checkered_box
D:2:      serial_curves, eino_curves_01, eino_curves_02, uniq_terence,
          uniq_jessica
D:3:      nicolae_gozag_cash_rules_everything_around_me
D:4:      minmay_temple_entry_poolview, first_ration, guppyfry_shop_venom
D:5:      minmay_diamond_boxcup, regret_index_temple_of_mockery, basic_altar,
          serial_shops, nicolae_shop_crystal, hangedman_feature_mirror,
          uniq_edmund, uniq_eustachio
D:6:      uniq_menkaure
D:8:      lemuel_round_altar, enter_bailey_2, grunt_ogre_cave, uniq_psyche
D:9:      minmay_pinched_square
D:10:     uniq_erica, uniq_sonja
D:11:     minmay_lair_entry_lava, minmay_orc_entry_guard_dogs
D:13:     serial_glass, glass_columns_a, glass_columns_b, glass_columns_c,
          glass_columns_a, glass_columns_b, glass_columns_a, glass_columns_b,
          glass_columns_a, basic_altar
D:14:     david_vaults_4, hex_tiny
D:15:     gammafunk_enter_depths_forms, enter_trove_0, serial_bayou_pond_b
Lair:2:   dummy_snake_entry, uniq_harold, uniq_nergalle
Lair:3:   uniq_gastronok, uniq_urug
Lair:4:   swamp_mist, serial_bayou_shore_a, infiniplex_staircase_pool,
          grunt_megastairs_2
Lair:5:   lab_entry_generic, minivault_27, minivault_25,
          nicolae_quartered_pool_little, grunt_megastairs_4,
          serial_bayou_shore_b
Lair:6:   minmay_lair_end_enchanted_forest, slime_altar_1,
          infiniplex_staircase_pool_2
Orc:2:    st_orc_elflike, serial_shops, shop
Depths:1: pf_hell_entry_tar_spiral, hangedman_abyss_entry_splay,
          lightli_enter_wizlab_magi_temple, minmay_door_square,
          kennysheep_cross_room, lightli_fourway_metalbox
Depths:2: grunt_runaround, hell_entry
Lab:      nicolae_lab_big_swirl, nicolae_lab_starburst, nicolae_lab_grate_2,
          nicolae_lab_lava, lab_statue, lab_fountain, nicolae_lab_dead_end,
          labyrinth_skeletal_remains, labyrinth_glass_1
Bailey:   bailey_polearm_1, bailey

Skill      XL: |  1  2  3  4  5  6  7  8  9 10 11 12 13 14 15 |
---------------+----------------------------------------------+-----
Maces & Flails | 3 4 5 6 7 9 10 12 13 14 15 | 15.6
Dodging        | 3 4 5 6 7 8 9 10 11 | 11.6
Fighting       | 5 6 7 9 10 11 13 14 15 17 | 17.6
Stealth        | 1 2 3 4 5 6 |  6.3
Shields        | 3 5 6 8 9 10 | 10.1

Action                   |  1- 3 |  4- 6 |  7- 9 | 10-12 | 13-15 | 16-18 || total
-------------------------+-------+-------+-------+-------+-------+-------++-------
Melee: Mace              |    80 |   135 |   122 |       |       |       ||   337
       Flail             |       |       |   242 |   590 |  1149 |    75 ||  2056
Invok: Berserk           |     2 |     4 |     8 |    13 |    13 |     2 ||    42
       Trog's Hand       |       |     2 |     2 |     6 |    11 |     2 ||    23
  Use: Scroll            |       |       |     6 |    14 |    12 |     3 ||    35
 Stab: Sleeping          |     1 |       |     3 |     4 |    15 |     1 ||    24
       Petrified         |       |       |       |       |     2 |       ||     2
       Petrifying        |       |       |       |       |     1 |       ||     1
  Eat: Chunk             |     2 |     9 |    18 |    34 |    40 |       ||   103
       Ration            |       |       |     2 |     2 |     6 |     1 ||    11
Armor: Animal skin       |    16 |    33 |    77 |       |       |       ||   126
       Robe              |       |       |    23 |   126 |   365 |    24 ||   538
       Steam dragon scal |       |       |       |     1 |       |       ||     1
Dodge: Dodged            |    42 |    95 |   235 |   160 |   426 |    39 ||   997
Block: Shield            |       |       |       |   279 |   404 |       ||   683
       Reflection        |       |       |       |       |     3 |       ||     3

Table legend:
 A = Spawn XP
 B = Non-spawn XP
 C = Spawn XP percentage of total XP
 D = Spawn monster count
 E = Non-spawn monster count
 F = Spawn count percentage of total count
 G = Total turns spent on level
                    A         B        C        D         E        F      G
               +---------+---------+-------+---------+---------+-------+---------
         Total |    2991 |  137909 |   2.1 |      10 |     678 |   1.5 | 28335
               +---------+---------+-------+---------+---------+-------+---------
           D:1 |       0 |      49 |   0.0 |       0 |      20 |   0.0 |   850
           D:2 |       0 |     125 |   0.0 |       0 |      22 |   0.0 |  1015
           D:3 |       0 |     245 |   0.0 |       0 |      25 |   0.0 |  1075
           D:4 |       0 |     737 |   0.0 |       0 |      23 |   0.0 |  1032
           D:5 |       0 |     543 |   0.0 |       0 |      13 |   0.0 |  1019
           D:6 |       0 |     804 |   0.0 |       0 |      16 |   0.0 |   728
           D:7 |       0 |     791 |   0.0 |       0 |      18 |   0.0 |   799
           D:8 |       0 |    1308 |   0.0 |       0 |      18 |   0.0 |   744
           D:9 |       0 |    1964 |   0.0 |       0 |      34 |   0.0 |   763
          D:10 |       0 |    5522 |   0.0 |       0 |      31 |   0.0 |   991
          D:11 |       0 |    4871 |   0.0 |       0 |      32 |   0.0 |  1433
          D:12 |       0 |    4434 |   0.0 |       0 |      30 |   0.0 |  1090
          D:13 |       0 |    8031 |   0.0 |       0 |      29 |   0.0 |   836
          D:14 |       0 |   11880 |   0.0 |       0 |      40 |   0.0 |  1658
          D:15 |       0 |   10674 |   0.0 |       0 |      39 |   0.0 |  1113
        Lair:1 |       0 |    1307 |   0.0 |       0 |       7 |   0.0 |   724
        Lair:2 |       0 |    5066 |   0.0 |       0 |      18 |   0.0 |   942
        Lair:3 |       0 |    6279 |   0.0 |       0 |      16 |   0.0 |  1002
        Lair:4 |       0 |    2923 |   0.0 |       0 |      15 |   0.0 |   881
        Lair:5 |       0 |    9914 |   0.0 |       0 |      31 |   0.0 |  1301
        Lair:6 |       0 |   28518 |   0.0 |       0 |      98 |   0.0 |  1470
         Orc:1 |       0 |    1339 |   0.0 |       0 |      16 |   0.0 |   762
         Orc:2 |       0 |    9128 |   0.0 |       0 |      30 |   0.0 |  1573
      Depths:1 |       0 |   12231 |   0.0 |       0 |      17 |   0.0 |   597
       Abyss:2 |    2991 |    4200 |  41.6 |      10 |       8 |  55.6 |   479
           Lab |       0 |    4328 |   0.0 |       0 |      16 |   0.0 |  1699
        Bailey |       0 |     698 |   0.0 |       0 |      16 |   0.0 |  1757
               +---------+---------+-------+---------+---------+-------+---------
